[ AOE2 MATCH · #482612349 ]
Team RMAztecs vs Franks
[ REPLAY ANALYSIS · EXTRACTED FROM THE RECORDED GAME ]
Feudal
11:02
Castle
17:32
Imperial
40:48
| APM avg | 26.5 |
| APM peak | 69 |
| eAPM avg | 14.7 |
| Villagers / military | 106 / 288 |
Focus
⚔️ 32.6% · 🌾 67.4%
Jaguar Warrior ×169 · Skirmisher ×70 · Monk ×28 · Spearman ×15 · Trebuchet (Packed) ×4 · Battering Ram ×2
Feudal
9:28
Castle
25:21
Imperial
44:55
| APM avg | 66.1 |
| APM peak | 131 |
| eAPM avg | 27.6 |
| Villagers / military | 208 / 334 |
Focus
⚔️ 37.0% · 🌾 63.0%
Skirmisher ×154 · Knight ×48 · Longbowman ×48 · Scout Cavalry ×44 · Archer ×29 · Battering Ram ×5
Feudal
10:19
Castle
22:58
Imperial
39:21
| APM avg | 24.2 |
| APM peak | 50 |
| eAPM avg | 17.3 |
| Villagers / military | 217 / 355 |
Focus
⚔️ 27.3% · 🌾 72.7%
Archer ×178 · Skirmisher ×100 · Spearman ×43 · Knight ×23 · Battering Ram ×4 · Trebuchet (Packed) ×4
Feudal
9:20
Castle
26:35
Imperial
45:28
| APM avg | 16.3 |
| APM peak | 52 |
| eAPM avg | 11.2 |
| Villagers / military | 114 / 240 |
Focus
⚔️ 35.0% · 🌾 65.0%
Skirmisher ×147 · Scout Cavalry ×65 · Mangonel ×13 · Battering Ram ×5 · Knight ×4 · Spearman ×3
Match map
Initial resources + every placement click. Lines = walls · curves = elevation contours. ◆ gold · ⬟ stone · ● berries · ✦ relic · ◌ wall gap
Your base· ✓ Closed at 17:32 · 53t walls · no gate
TheLegendOfFissan's base· ✓ Closed at 25:21 · 41t walls · 1 gate(s)
Neirdarix's base· Open — unwalled flank
Rudy's base· ✓ Closed at 26:35 · 29t walls · 1 gate(s)
Smoothed initial terrain · ◌ = detected wall gap · hover for details
Inputs per minute
— Wilder - - TheLegendOfFissan
Build order — Wilder
First 150 of 388 actions detected
| 0:02 | Build | House |
| 0:04 | Build | House |
| 0:04 | Create | Villager (Male) |
| 0:04 | Create | Villager (Male) |
| 0:05 | Create | Villager (Male) |
| 0:38 | Create | Villager (Male) |
| 1:20 | Create | Villager (Male) |
| 1:48 | Build | Lumber Camp |
| 2:24 | Create | Villager (Male) |
| 2:58 | Create | Villager (Male) |
| 2:58 | Create | Villager (Male) |
| 3:34 | Create | Villager (Male) |
| 3:52 | Build | House |
| 3:56 | Build | Palisade Wall |
| 4:00 | Create | Villager (Male) |
| 4:29 | Create | Villager (Male) |
| 5:13 | Build | Mill |
| 5:21 | Create | Villager (Male) |
| 5:21 | Create | Villager (Male) |
| 5:51 | Create | Villager (Male) |
| 6:28 | Build | Palisade Wall |
| 6:32 | Create | Villager (Male) |
| 6:33 | Create | Villager (Male) |
| 6:41 | Build | House |
| 6:46 | Build | Palisade Wall |
| 7:13 | Create | Villager (Male) |
| 7:42 | Create | Villager (Male) |
| 8:12 | Create | Villager (Male) |
| 8:22 | Build | Mining Camp |
| 8:38 | Create | Villager (Male) |
| 8:52 | Research | Feudal Age |
| 9:25 | Build | Farm |
| 9:32 | Build | Farm |
| 9:45 | Build | Barracks |
| 9:56 | Create | Villager (Male) |
| 10:18 | Build | Palisade Wall |
| 10:30 | Build | Farm |
| 10:38 | Build | Farm |
| 11:02 | Age | Feudal Age |
| 11:09 | Create | Villager (Male) |
| 11:18 | Build | House |
| 11:42 | Research | Loom |
| 11:58 | Build | Farm |
| 12:10 | Build | Farm |
| 12:13 | Create | Villager (Male) |
| 12:17 | Create | Spearman |
| 12:32 | Build | Palisade Wall |
| 12:45 | Build | Blacksmith |
| 12:54 | Create | Villager (Male) |
| 12:55 | Create | Villager (Male) |
| 13:12 | Build | Palisade Wall |
| 13:23 | Build | Archery Range |
| 13:30 | Build | Palisade Wall |
| 14:00 | Create | Spearman |
| 14:41 | Build | Palisade Wall |
| 14:52 | Research | Castle Age |
| 15:03 | Build | House |
| 15:28 | Build | Barracks |
| 16:07 | Create | Spearman |
| 16:12 | Research | Forging |
| 16:13 | Research | Scale Mail Armor |
| 16:36 | Create | Spearman |
| 16:37 | Create | Spearman |
| 16:50 | Build | Palisade Wall |
| 17:28 | Create | Spearman |
| 17:28 | Create | Spearman |
| 17:32 | Age | Castle Age |
| 17:56 | Research | Squires |
| 18:03 | Create | Villager (Male) |
| 18:03 | Create | Villager (Male) |
| 18:44 | Create | Villager (Male) |
| 18:55 | Build | Palisade Wall |
| 19:08 | Create | Villager (Male) |
| 19:37 | Create | Villager (Male) |
| 19:48 | Build | Farm |
| 19:53 | Build | Farm |
| 20:13 | Create | Villager (Male) |
| 20:23 | Create | Villager (Male) |
| 20:31 | Build | Farm |
| 21:04 | Create | Villager (Male) |
| 21:05 | Create | Villager (Male) |
| 21:14 | Research | Double-Bit Axe |
| 21:40 | Build | Palisade Gate |
| 21:43 | Build | Farm |
| 21:47 | Create | Villager (Male) |
| 21:48 | Create | Villager (Male) |
| 22:38 | Build | Monastery |
| 22:45 | Create | Villager (Male) |
| 22:45 | Create | Villager (Male) |
| 22:55 | Build | Farm |
| 23:39 | Create | Monk |
| 23:44 | Research | Fervor |
| 23:58 | Research | Wheelbarrow |
| 23:58 | Create | Villager (Male) |
| 24:09 | Build | House |
| 24:29 | Research | Pikeman (upgrade) |
| 24:51 | Create | Monk |
| 25:16 | Create | Villager (Male) |
| 25:16 | Create | Villager (Male) |
| 25:28 | Build | Town Center |
| 25:41 | Build | Farm |
| 25:41 | Build | Farm |
| 25:41 | Build | Farm |
| 25:41 | Build | Farm |
| 25:42 | Build | Farm |
| 25:48 | Create | Villager (Male) |
| 26:22 | Research | Horse Collar |
| 26:31 | Create | Villager (Male) |
| 26:31 | Create | Villager (Male) |
| 26:45 | Create | Villager (Male) |
| 26:50 | Build | Farm |
| 26:55 | Build | Farm |
| 27:13 | Research | Sanctity |
| 27:23 | Research | Gold Mining |
| 27:26 | Create | Villager (Male) |
| 28:17 | Research | Arson |
| 28:30 | Create | Villager (Male) |
| 28:30 | Create | Villager (Male) |
| 28:33 | Build | House |
| 28:39 | Build | House |
| 28:43 | Create | Villager (Male) |
| 28:43 | Create | Villager (Male) |
| 28:57 | Create | Villager (Male) |
| 28:58 | Create | Villager (Male) |
| 29:27 | Research | Devotion |
| 29:34 | Create | Villager (Male) |
| 29:34 | Create | Villager (Male) |
| 30:01 | Build | Town Center |
| 30:10 | Create | Villager (Male) |
| 30:34 | Research | Herbal Medicine |
| 30:41 | Research | Iron Casting |
| 31:21 | Create | Villager (Male) |
| 31:21 | Create | Villager (Male) |
| 31:24 | Create | Villager (Male) |
| 31:30 | Research | Stone Mining |
| 31:44 | Build | Castle |
| 32:07 | Build | Castle |
| 32:19 | Research | Bow Saw |
| 32:24 | Research | Heavy Plow |
| 32:39 | Create | Villager (Male) |
| 32:40 | Create | Villager (Male) |
| 32:47 | Build | House |
| 32:55 | Create | Monk |
| 33:05 | Build | Palisade Gate |
| 33:23 | Build | Farm |
| 33:23 | Build | Farm |
| 33:24 | Build | Farm |
| 33:24 | Build | Farm |
| 33:24 | Build | Farm |
| 33:40 | Build | Mill |
Build order — TheLegendOfFissan
First 150 of 794 actions detected
| 0:00 | Create | Villager (Male) |
| 0:01 | Create | Villager (Male) |
| 0:01 | Create | Villager (Male) |
| 0:02 | Build | House |
| 0:04 | Build | House |
| 0:51 | Create | Villager (Male) |
| 1:32 | Create | Villager (Male) |
| 1:58 | Create | Villager (Male) |
| 2:05 | Build | Lumber Camp |
| 2:08 | Create | Villager (Male) |
| 2:08 | Create | Villager (Male) |
| 2:29 | Create | Villager (Male) |
| 2:37 | Create | Villager (Male) |
| 3:29 | Create | Villager (Male) |
| 3:39 | Build | House |
| 3:56 | Create | Villager (Male) |
| 3:56 | Create | Villager (Male) |
| 4:32 | Create | Villager (Male) |
| 4:54 | Create | Villager (Male) |
| 4:55 | Create | Villager (Male) |
| 5:15 | Create | Villager (Male) |
| 5:39 | Create | Villager (Male) |
| 5:55 | Create | Villager (Male) |
| 6:30 | Research | Loom |
| 6:42 | Build | Mill |
| 7:18 | Research | Feudal Age |
| 7:28 | Create | Villager (Male) |
| 7:28 | Create | Villager (Male) |
| 7:37 | Build | House |
| 9:07 | Build | House |
| 9:16 | Build | Barracks |
| 9:19 | Create | Villager (Male) |
| 9:28 | Age | Feudal Age |
| 9:41 | Build | Gate |
| 9:44 | Build | House |
| 9:48 | Create | Spearman |
| 9:55 | Create | Villager (Male) |
| 10:00 | Build | Stable |
| 10:46 | Create | Villager (Male) |
| 10:48 | Create | Scout Cavalry |
| 10:48 | Create | Scout Cavalry |
| 10:48 | Create | Scout Cavalry |
| 11:08 | Create | Villager (Male) |
| 11:22 | Create | Scout Cavalry |
| 11:38 | Create | Villager (Male) |
| 11:57 | Create | Villager (Male) |
| 12:05 | Build | Blacksmith |
| 12:13 | Build | Stone Wall |
| 12:17 | Build | Mining Camp |
| 12:31 | Build | Stone Wall |
| 12:34 | Build | Stone Wall |
| 12:42 | Create | Spearman |
| 12:44 | Create | Scout Cavalry |
| 13:02 | Build | Stone Wall |
| 13:09 | Build | Palisade Wall |
| 13:13 | Create | Villager (Male) |
| 13:14 | Create | Villager (Male) |
| 13:21 | Build | House |
| 13:26 | Build | House |
| 13:29 | Build | House |
| 13:31 | Build | House |
| 13:34 | Research | Double-Bit Axe |
| 13:58 | Build | Farm |
| 13:58 | Build | Farm |
| 13:58 | Build | Farm |
| 14:04 | Build | Farm |
| 14:06 | Create | Villager (Male) |
| 14:28 | Research | Forging |
| 14:44 | Create | Villager (Male) |
| 15:19 | Create | Villager (Male) |
| 15:21 | Build | Farm |
| 15:21 | Build | Farm |
| 15:21 | Build | Farm |
| 15:32 | Build | Archery Range |
| 15:36 | Build | Farm |
| 15:36 | Build | Farm |
| 15:41 | Build | Mining Camp |
| 15:43 | Create | Villager (Male) |
| 15:46 | Build | Farm |
| 15:47 | Build | Farm |
| 16:10 | Create | Villager (Male) |
| 16:10 | Create | Villager (Male) |
| 16:11 | Create | Villager (Male) |
| 16:53 | Build | Farm |
| 17:03 | Build | Farm |
| 17:08 | Build | Farm |
| 17:29 | Create | Villager (Male) |
| 17:30 | Create | Villager (Male) |
| 18:21 | Create | Villager (Male) |
| 18:21 | Create | Villager (Male) |
| 18:52 | Create | Villager (Male) |
| 19:07 | Create | Villager (Male) |
| 19:26 | Build | Farm |
| 19:29 | Build | Farm |
| 19:29 | Build | Farm |
| 19:40 | Build | Market |
| 19:54 | Create | Scout Cavalry |
| 19:54 | Create | Scout Cavalry |
| 19:54 | Create | Scout Cavalry |
| 19:54 | Create | Scout Cavalry |
| 19:55 | Create | Scout Cavalry |
| 20:01 | Create | Skirmisher |
| 20:02 | Create | Skirmisher |
| 20:02 | Create | Skirmisher |
| 20:02 | Create | Skirmisher |
| 20:02 | Create | Skirmisher |
| 20:03 | Create | Skirmisher |
| 20:03 | Create | Skirmisher |
| 20:18 | Build | House |
| 20:23 | Build | House |
| 20:36 | Build | House |
| 20:46 | Build | Farm |
| 20:50 | Build | Farm |
| 20:52 | Research | Fletching |
| 21:07 | Build | House |
| 21:36 | Create | Villager (Male) |
| 22:01 | Build | House |
| 22:12 | Build | Archery Range |
| 22:19 | Build | House |
| 22:23 | Build | Stone Wall |
| 22:37 | Create | Villager (Male) |
| 22:41 | Research | Castle Age |
| 22:43 | Build | Lumber Camp |
| 22:52 | Create | Skirmisher |
| 22:52 | Create | Skirmisher |
| 22:53 | Create | Skirmisher |
| 23:26 | Build | Farm |
| 23:31 | Create | Villager (Male) |
| 23:37 | Research | Padded Archer Armor |
| 23:56 | Research | Horse Collar |
| 24:06 | Research | Gold Mining |
| 24:30 | Build | House |
| 25:07 | Build | Lumber Camp |
| 25:17 | Build | House |
| 25:21 | Age | Castle Age |
| 25:24 | Research | Crossbowman (upgrade) |
| 25:35 | Research | Bodkin Arrow |
| 25:59 | Build | Castle |
| 26:04 | Create | Villager (Male) |
| 26:04 | Create | Villager (Male) |
| 26:22 | Research | Elite Skirmisher (upgrade) |
| 26:24 | Create | Archer |
| 26:24 | Create | Archer |
| 26:25 | Create | Archer |
| 27:06 | Research | Leather Archer Armor |
| 27:16 | Create | Villager (Male) |
| 27:16 | Create | Villager (Male) |
| 27:20 | Create | Archer |
| 27:20 | Create | Archer |
| 27:20 | Create | Archer |
Build order — Neirdarix
First 150 of 539 actions detected
| 0:07 | Build | House |
| 0:09 | Build | House |
| 0:10 | Create | Villager (Male) |
| 0:10 | Create | Villager (Male) |
| 0:10 | Create | Villager (Male) |
| 0:11 | Create | Villager (Male) |
| 1:33 | Create | Villager (Male) |
| 1:55 | Build | Lumber Camp |
| 1:56 | Create | Villager (Male) |
| 2:20 | Create | Villager (Male) |
| 2:21 | Research | Loom |
| 2:37 | Create | Villager (Male) |
| 3:02 | Create | Villager (Male) |
| 3:22 | Create | Villager (Male) |
| 3:36 | Create | Villager (Male) |
| 4:01 | Build | House |
| 4:02 | Build | House |
| 4:05 | Create | Villager (Male) |
| 4:14 | Create | Villager (Male) |
| 4:24 | Build | Mill |
| 4:29 | Build | House |
| 4:35 | Create | Villager (Male) |
| 5:10 | Create | Villager (Male) |
| 5:12 | Create | Villager (Male) |
| 5:38 | Create | Villager (Male) |
| 5:49 | Create | Villager (Male) |
| 6:19 | Create | Villager (Male) |
| 6:19 | Create | Villager (Male) |
| 6:39 | Create | Villager (Male) |
| 6:54 | Create | Villager (Male) |
| 7:21 | Create | Villager (Male) |
| 7:45 | Build | Mining Camp |
| 8:09 | Research | Feudal Age |
| 9:04 | Build | Barracks |
| 10:16 | Build | Farm |
| 10:18 | Build | Farm |
| 10:19 | Age | Feudal Age |
| 10:21 | Build | Farm |
| 10:33 | Build | Archery Range |
| 10:39 | Create | Villager (Male) |
| 10:43 | Create | Villager (Male) |
| 10:53 | Research | Double-Bit Axe |
| 11:15 | Research | Wheelbarrow |
| 11:24 | Build | House |
| 11:44 | Create | Archer |
| 11:46 | Create | Archer |
| 11:46 | Create | Archer |
| 11:47 | Create | Archer |
| 11:50 | Create | Spearman |
| 11:51 | Create | Spearman |
| 11:53 | Create | Villager (Male) |
| 11:57 | Research | Horse Collar |
| 12:02 | Build | House |
| 12:06 | Build | House |
| 12:20 | Create | Archer |
| 12:40 | Create | Villager (Male) |
| 12:45 | Build | Blacksmith |
| 13:02 | Create | Archer |
| 13:25 | Create | Spearman |
| 13:40 | Create | Villager (Male) |
| 13:42 | Create | Villager (Male) |
| 13:50 | Create | Spearman |
| 13:54 | Build | House |
| 13:56 | Build | House |
| 13:58 | Build | House |
| 13:59 | Build | House |
| 14:03 | Create | Villager (Male) |
| 14:07 | Build | Farm |
| 14:14 | Create | Archer |
| 14:18 | Research | Padded Archer Armor |
| 14:43 | Build | Farm |
| 14:45 | Create | Villager (Male) |
| 15:04 | Create | Spearman |
| 15:04 | Create | Spearman |
| 15:11 | Create | Archer |
| 15:12 | Create | Villager (Male) |
| 15:15 | Build | Farm |
| 15:17 | Create | Villager (Male) |
| 15:17 | Create | Villager (Male) |
| 16:12 | Build | House |
| 16:13 | Build | House |
| 16:16 | Build | Farm |
| 16:17 | Build | Farm |
| 16:18 | Build | Farm |
| 16:19 | Build | Farm |
| 16:24 | Build | Farm |
| 16:26 | Build | Farm |
| 16:28 | Build | Farm |
| 16:29 | Create | Villager (Male) |
| 16:30 | Create | Villager (Male) |
| 16:57 | Create | Villager (Male) |
| 17:26 | Create | Villager (Male) |
| 17:32 | Build | House |
| 17:32 | Build | House |
| 17:33 | Build | House |
| 17:33 | Build | House |
| 17:45 | Create | Villager (Male) |
| 18:31 | Create | Villager (Male) |
| 18:42 | Create | Villager (Male) |
| 19:09 | Build | Farm |
| 19:28 | Build | Farm |
| 19:29 | Create | Villager (Male) |
| 19:33 | Create | Archer |
| 19:34 | Create | Archer |
| 19:34 | Create | Archer |
| 20:14 | Build | Farm |
| 20:18 | Research | Castle Age |
| 20:26 | Build | Archery Range |
| 20:58 | Create | Archer ×5 |
| 21:32 | Create | Spearman |
| 21:32 | Create | Spearman |
| 21:32 | Create | Spearman |
| 21:37 | Build | House |
| 21:43 | Build | Barracks |
| 21:56 | Create | Archer ×5 |
| 22:01 | Research | Fletching |
| 22:02 | Create | Villager (Male) |
| 22:03 | Create | Villager (Male) |
| 22:09 | Build | Mining Camp |
| 22:14 | Research | Town Watch |
| 22:58 | Age | Castle Age |
| 23:02 | Research | Crossbowman (upgrade) |
| 23:19 | Build | Siege Workshop |
| 23:29 | Create | Archer ×4 |
| 23:31 | Create | Villager (Male) |
| 23:31 | Create | Villager (Male) |
| 23:32 | Create | Villager (Male) |
| 23:36 | Build | Town Center |
| 23:38 | Research | Hand Cart |
| 23:39 | Create | Villager (Male) |
| 23:39 | Create | Villager (Male) |
| 23:58 | Research | Heavy Plow |
| 24:19 | Build | Town Center |
| 24:24 | Build | Farm |
| 24:25 | Create | Villager (Male) |
| 24:33 | Create | Archer ×4 |
| 24:49 | Build | House |
| 24:50 | Build | House |
| 24:50 | Build | House |
| 24:54 | Build | Farm |
| 24:55 | Create | Villager (Male) |
| 24:55 | Create | Villager (Male) |
| 25:18 | Create | Battering Ram |
| 25:57 | Create | Archer ×2 |
| 25:59 | Create | Villager (Male) |
| 26:19 | Build | Farm |
| 26:24 | Create | Villager (Male) |
| 26:25 | Create | Villager (Male) |
| 26:26 | Research | Bow Saw |
| 26:29 | Create | Villager (Male) |
Build order — Rudy
First 150 of 332 actions detected
| 0:01 | Create | Villager (Male) |
| 0:01 | Create | Villager (Male) |
| 0:01 | Create | Villager (Male) |
| 0:02 | Create | Villager (Male) |
| 0:03 | Build | House |
| 0:05 | Build | House |
| 1:41 | Create | Villager (Male) |
| 1:51 | Create | Villager (Male) |
| 1:56 | Build | Lumber Camp |
| 2:42 | Create | Villager (Male) |
| 2:58 | Create | Villager (Male) |
| 2:58 | Create | Villager (Male) |
| 2:59 | Create | Villager (Male) |
| 3:48 | Create | Villager (Male) |
| 4:08 | Build | House |
| 4:13 | Create | Villager (Male) ×2 |
| 4:33 | Build | Mill |
| 5:02 | Create | Villager (Male) |
| 5:02 | Create | Villager (Male) |
| 5:46 | Create | Villager (Male) ×5 |
| 6:16 | Create | Villager (Male) |
| 6:18 | Research | Loom |
| 7:10 | Research | Feudal Age |
| 7:24 | Create | Villager (Male) |
| 7:24 | Create | Villager (Male) |
| 8:21 | Build | Barracks |
| 9:20 | Age | Feudal Age |
| 9:49 | Build | Stable |
| 10:01 | Research | Town Watch |
| 10:13 | Build | House |
| 10:26 | Create | Villager (Male) |
| 10:32 | Create | Spearman |
| 10:33 | Create | Spearman |
| 10:52 | Build | House |
| 11:00 | Create | Scout Cavalry ×5 |
| 11:08 | Build | House |
| 11:11 | Build | House |
| 11:14 | Build | House |
| 11:31 | Create | Villager (Male) |
| 11:31 | Create | Villager (Male) |
| 11:38 | Build | Farm |
| 11:47 | Create | Villager (Male) |
| 11:59 | Build | Farm |
| 12:04 | Research | Double-Bit Axe |
| 12:41 | Build | Mining Camp |
| 12:45 | Create | Villager (Male) |
| 12:45 | Create | Villager (Male) |
| 12:50 | Create | Spearman |
| 13:05 | Build | Farm |
| 13:17 | Create | Villager (Male) |
| 13:17 | Create | Villager (Male) |
| 13:24 | Build | House |
| 13:26 | Build | House |
| 13:32 | Create | Villager (Male) |
| 13:39 | Build | Farm |
| 14:01 | Build | Lumber Camp |
| 14:16 | Build | Palisade Wall |
| 14:28 | Build | Palisade Wall |
| 14:31 | Build | Palisade Wall |
| 14:51 | Create | Villager (Male) |
| 14:51 | Create | Villager (Male) |
| 15:24 | Create | Villager (Male) |
| 15:25 | Create | Villager (Male) |
| 16:09 | Build | Watch Tower |
| 16:15 | Build | Archery Range |
| 16:56 | Build | Archery Range |
| 16:59 | Create | Skirmisher ×3 |
| 17:58 | Build | Farm |
| 17:58 | Build | Farm |
| 17:58 | Build | Farm |
| 17:58 | Build | Farm |
| 17:59 | Build | Farm |
| 17:59 | Build | Farm |
| 18:21 | Build | Market |
| 18:27 | Create | Villager (Male) |
| 18:49 | Create | Skirmisher |
| 19:06 | Build | Farm |
| 19:13 | Build | Palisade Wall |
| 19:16 | Create | Villager (Male) |
| 19:22 | Build | Farm |
| 19:28 | Build | Farm |
| 19:46 | Build | Blacksmith |
| 19:58 | Build | Palisade Gate |
| 20:02 | Create | Villager (Male) ×2 |
| 20:17 | Build | Mining Camp |
| 20:22 | Create | Villager (Male) |
| 20:33 | Build | Farm |
| 20:33 | Build | Farm |
| 20:33 | Build | Farm |
| 20:37 | Build | Farm |
| 20:50 | Build | Farm |
| 21:09 | Build | House |
| 21:17 | Build | House |
| 21:20 | Create | Villager (Male) |
| 21:26 | Create | Villager (Male) |
| 21:46 | Create | Skirmisher ×4 |
| 21:56 | Create | Villager (Male) ×3 |
| 22:14 | Build | Lumber Camp |
| 22:19 | Create | Villager (Male) ×2 |
| 22:25 | Build | Farm |
| 22:42 | Build | Farm |
| 23:01 | Build | Farm |
| 23:22 | Build | Farm |
| 23:33 | Build | Farm |
| 23:55 | Research | Castle Age |
| 24:03 | Build | Farm |
| 24:14 | Create | Villager (Male) |
| 24:18 | Create | Skirmisher ×2 |
| 24:18 | Create | Skirmisher ×2 |
| 24:26 | Create | Scout Cavalry |
| 24:27 | Create | Scout Cavalry |
| 24:49 | Build | House |
| 24:50 | Build | House |
| 24:51 | Build | House |
| 24:54 | Build | House |
| 24:56 | Build | House |
| 24:59 | Build | House |
| 25:03 | Research | Wheelbarrow |
| 25:23 | Build | Watch Tower |
| 25:35 | Build | Watch Tower |
| 25:39 | Research | Fletching |
| 26:30 | Build | Watch Tower |
| 26:35 | Age | Castle Age |
| 26:37 | Research | Husbandry |
| 26:55 | Research | Squires |
| 27:12 | Research | Man-at-Arms (upgrade) |
| 27:12 | Create | Militia |
| 27:28 | Create | Villager (Male) |
| 27:56 | Build | Stable |
| 28:00 | Create | Villager (Male) |
| 28:17 | Research | Gold Mining |
| 28:37 | Research | Elite Skirmisher (upgrade) |
| 28:54 | Research | Bow Saw |
| 28:56 | Create | Villager (Male) |
| 28:58 | Create | Villager (Male) |
| 28:58 | Create | Villager (Male) |
| 29:21 | Research | Padded Archer Armor |
| 29:37 | Research | Bodkin Arrow |
| 30:00 | Build | University |
| 30:06 | Create | Villager (Male) |
| 30:06 | Create | Villager (Male) |
| 30:15 | Create | Skirmisher ×5 |
| 30:35 | Build | Watch Tower |
| 30:42 | Research | Town Patrol |
| 30:47 | Research | Pikeman (upgrade) |
| 30:55 | Create | Villager (Male) |
| 31:37 | Research | Ballistics |
| 31:49 | Create | Villager (Male) |
| 32:04 | Build | Siege Workshop |
| 32:10 | Create | Villager (Male) |
Match timeline
| 3:56 | Wilder · wall_segment Palisade Wall x1 |
| 6:28 | Wilder · wall_segment Palisade Wall x7 |
| 6:46 | Wilder · wall_segment Palisade Wall x1 |
| 8:21 | Rudy · first_building Barracks |
| 9:04 | Neirdarix · first_building Barracks |
| 9:16 | TheLegendOfFissan · first_building Barracks |
| 9:20 | Rudy · age_up feudal |
| 9:28 | TheLegendOfFissan · age_up feudal |
| 9:45 | Wilder · first_building Barracks |
| 9:49 | Rudy · first_building Stable |
| 10:00 | TheLegendOfFissan · first_building Stable |
| 10:18 | Wilder · wall_segment Palisade Wall x7 |
| 10:19 | Neirdarix · age_up feudal |
| 10:33 | Neirdarix · first_building Archery Range |
| 11:02 | Wilder · age_up feudal |
| 12:13 | TheLegendOfFissan · wall_segment Stone Wall x14 |
| 12:31 | TheLegendOfFissan · wall_segment Stone Wall x13 |
| 12:32 | Wilder · wall_segment Palisade Wall x11 |
| 12:34 | TheLegendOfFissan · wall_segment Stone Wall x5 |
| 13:02 | TheLegendOfFissan · wall_segment Stone Wall x7 |
| 13:09 | TheLegendOfFissan · wall_segment Palisade Wall x6 |
| 13:12 | Wilder · wall_segment Palisade Wall x17 |
| 13:23 | Wilder · first_building Archery Range |
| 13:30 | Wilder · wall_segment Palisade Wall x4 |
| 14:16 | Rudy · wall_segment Palisade Wall x9 |
| 14:28 | Rudy · wall_segment Palisade Wall x6 |
| 14:31 | Rudy · wall_segment Palisade Wall x13 |
| 14:41 | Wilder · wall_segment Palisade Wall x1 |
| 15:32 | TheLegendOfFissan · first_building Archery Range |
| 16:15 | Rudy · first_building Archery Range |
| 16:50 | Wilder · wall_segment Palisade Wall x5 |
| 17:32 | Wilder · age_up castle |
| 18:55 | Wilder · wall_segment Palisade Wall x1 |
| 19:13 | Rudy · wall_segment Palisade Wall x1 |
| 22:23 | TheLegendOfFissan · wall_segment Stone Wall x1 |
| 22:38 | Wilder · first_building Monastery |
| 22:58 | Neirdarix · age_up castle |
| 23:07 | Rudy · first_market_buy 100 food |
| 23:12 | Rudy · first_market_sell 100 stone |
| 23:19 | Neirdarix · first_building Siege Workshop |
| 25:21 | TheLegendOfFissan · age_up castle |
| 25:59 | TheLegendOfFissan · first_building Castle |
| 26:35 | Rudy · age_up castle |
| 28:40 | TheLegendOfFissan · first_market_sell 100 food |
| 30:04 | TheLegendOfFissan · first_market_buy 100 wood |
| 31:44 | Wilder · first_building Castle |
| 32:04 | Rudy · first_building Siege Workshop |
| 32:14 | Neirdarix · first_building Castle |
| 32:56 | Neirdarix · first_building Monastery |
| 36:09 | TheLegendOfFissan · tribute_sent a jugador 1 |
| 36:09 | TheLegendOfFissan · tribute_sent a jugador 3 |
| 36:09 | TheLegendOfFissan · tribute_sent a jugador 4 |
| 39:21 | Neirdarix · age_up imperial |
| 40:48 | Wilder · age_up imperial |
| 40:48 | Rudy · first_building Castle |
| 42:24 | TheLegendOfFissan · first_building Siege Workshop |
| 44:55 | TheLegendOfFissan · age_up imperial |
| 45:28 | Rudy · age_up imperial |
| 46:13 | Neirdarix · first_building Stable |
| 49:31 | TheLegendOfFissan · tribute_sent a jugador 1 |
| 49:31 | TheLegendOfFissan · tribute_sent a jugador 3 |
| 49:31 | TheLegendOfFissan · tribute_sent a jugador 4 |
| 56:15 | TheLegendOfFissan · tribute_sent a jugador 1 |
| 56:15 | TheLegendOfFissan · tribute_sent a jugador 3 |
| 56:15 | TheLegendOfFissan · tribute_sent a jugador 4 |
| 56:57 | Wilder · first_market_buy 100 wood |
| 61:59 | TheLegendOfFissan · wall_segment Stone Wall x1 |
| 63:38 | Wilder · first_building Siege Workshop |
| 65:15 | TheLegendOfFissan · resign |
[ AI ANALYSIS · 1 CREDIT ]
What really happened in this match?
Wolo.gg analyzes every decision: build order, eco, micro, common mistakes by bracket. Personalized analysis on WhatsApp or Discord in 30 seconds.
Civ guide
Aztecs
Map guide
Arabia
Perfil
Jugador #740086